 Dungeon Crawl Stone Soup version 0.31-a0-523-g071a6c1ffa (webtiles) character file.

Game seed: 16405704051435605427

73 Ethylacetat the Ducker (level 4, -1/30 HPs)
             Began as an Octopode Gladiator on Aug 11, 2023.
             Slain by an adder (3 damage)
             ... on level 2 of the Dungeon.
             The game lasted 00:01:21 (976 turns).

Ethylacetat the Ducker (Octopode Gladiator)          Turns: 976, Time: 00:01:22

Health: -1/30      AC:  1    Str: 13    XL:     4   Next: 27%
Magic:  4/4        EV: 14    Int: 10    God:
Gold:   82         SH:  0    Dex: 15    Spells: 3/3 levels left

rFire   . . .        a - +0 long sword
rCold   . . .        (no shield)
rNeg    . . .        b - +0 hat
rPois   .            (no amulet)
rElec   .            (no ring)
rCorr   .            (no ring)
SInv    .            (no ring)
Will    .....        (no ring)
Stlth   +++          (no ring)
HPRegen 0.25/turn    (no ring)
MPRegen 0.09/turn    (no ring)
                     (no ring)

%: no passive effects
@: lethally poisoned (-1 -> -2)
A: almost no armour, amphibious, 8 rings, camouflage 1, gelatinous body 1,
(nimble swimmer 1), tentacles
a: no special abilities


You were on level 2 of the Dungeon.
You visited 1 branch of the dungeon, and saw 2 of its levels.

You collected 82 gold pieces.

Inventory:

Hand Weapons
 a - a +0 long sword (weapon)
Missiles
 c - 3 throwing nets (quivered)
 d - a javelin
Armour
 b - a +0 hat (worn)
Scrolls
 e - 5 scrolls of identify {unknown}
 f - 2 scrolls of fog {unknown}
 g - a scroll of revelation {unknown}
 i - 2 scrolls of noise {unknown}
 k - 2 scrolls of teleportation {unknown}
Potions
 h - a potion of lignification {unknown}
 j - a potion of degeneration {unknown}


   Skills:
 + Level 2.8 Fighting
 + Level 3.5 Long Blades
 - Level 2.0 Throwing
 + Level 3.5 Dodging
 + Level 2.5 Stealth


You had 3 spell levels left.
You didn't know any spells.
Your spell library contained the following spells:

 Spells                   Type           Power      Damage    Failure   Level
 Apportation              Tloc           0%         N/A       36%         1
 Necrotise                Necr           0%         1d4       36%         1
 Summon Small Mammal      Summ           0%         N/A       36%         1
 Lesser Beckoning         Tloc           0%         N/A       50%         2
 Gell's Gravitas          Tloc           0%         N/A       75%         3
 Teleport Other           Tloc           0%         N/A       75%         3


Dungeon Overview and Level Annotations

Branches:
Dungeon (2/15)

Altars:


Innate Abilities, Weirdness & Mutations

You cannot wear most types of armour.
You are amphibious.
You can wear up to eight rings at the same time.
Your skin changes colour to match your surroundings (Stealth+).
Your rubbery body absorbs attacks. (AC +1, EV +1)
((You are camouflaged when in or above water. (Stealth+)))
You have tentacles for arms and can constrict up to eight enemies at once.


Message History

You constrict the adder.
An adder comes into view.
The rat misses you. The adder barely misses you. The rat bites you.
You hit the adder.
You kill the adder!
The rat closely misses you.
You barely miss the worm. You grab the worm. You constrict the worm.
The rat barely misses you. The worm bites you.
You barely miss the worm.
The worm is lightly wounded.
You constrict the worm.
The rat twitches its whiskers.
The rat misses you. The adder bites you.
You are poisoned.
The adder poisons you!
You hit the worm but do no damage. You squeeze the worm, but do no damage.
The worm is lightly wounded.
You constrict the worm.
You feel sick. The giant cockroach misses you. The rat closely misses you.
The adder closely misses you. The worm bites you!
* * * LOW HITPOINT WARNING * * *
The giant cockroach closely misses you.
You are too injured to fight recklessly!
You are too injured to fight recklessly!
You hit the worm. You squeeze the worm.
The worm is severely wounded.
You constrict the worm.
You feel sick. The adder misses you. The rat bites you.
* * * LOW HITPOINT WARNING * * *
The giant cockroach misses you. The worm bites you.
* * * LOW HITPOINT WARNING * * *
The adder closely misses you. The rat barely misses you.
You hit the worm.
You kill the worm!
* * * LOW HITPOINT WARNING * * *
You feel sick.
The giant cockroach bites you but does no damage.
The adder misses you. The rat bites you but does no damage.
You miss the adder. Your grab misses the adder.
* * * LOW HITPOINT WARNING * * *
You feel sick. The adder bites you.
You die...

..... #.##.....#.........
......#.##.....#.........
......#.##.....#....#....
#......#.....#....##...
#####^..##.#.#... ####
#............#..
#...<....#.#..
#............> .
#....B@S.#.## .
#.....r..#.# #
.....##.##.... . .....
#.# ..##.. ..... ... ....
.... ..#. ..## ... #. .
.# ## ..


You could see an adder, a giant cockroach and a rat.

Vanquished Creatures
  Terence (D:2)
  An adder (D:2)
  A worm (D:2)
  2 dart slugs
  2 endoplasms (D:1)
  2 giant cockroaches (D:1)
  2 goblins
  6 hobgoblins
  5 kobolds (D:1)
  A quokka (D:1)
  4 ball pythons
  A bat (D:1)
  2 frilled lizards (D:1)
  A rat (D:1)
31 creatures vanquished.

Notes
Turn   | Place    | Note
-------+----------+-------------------------------------------
     0 | D:1      | Ethylacetat the Octopode Gladiator began the quest for the
                  | Orb.
     0 | D:1      | Reached XP level 1. HP: 14/14 MP: 1/1
    80 | D:1      | Reached XP level 2. HP: 15/19 MP: 2/2
   152 | D:1      | Reached skill level 1 in Stealth
   235 | D:1      | Found a faded altar of an unknown god.
   565 | D:1      | Reached XP level 3. HP: 25/25 MP: 3/3
   940 | D:2      | Noticed Terence
   945 | D:2      | Killed Terence
   946 | D:2      | Reached XP level 4. HP: 28/30 MP: 4/4
   976 | D:2      | Slain by an adder

Illustrated notes

Levels and vault maps discovered:
D:1:      sevenhm_arrival_forest_fort_large_4, layout_basic,
          hellmonk_ecumenical_altar_run_dry, amcnicky_mini_pool_small
D:2:      layout_rooms, serial_curves, eino_curves_04, eino_curves_01,
          uniq_terence

Skill      XL: |  1  2  3 |
---------------+----------+-----
Stealth        | 1 2 |  2.5
Fighting       | |  2.8
Long Blades    | |  3.5
Throwing       | |  2.0
Dodging        | |  3.5

Action                     |  1- 3 |  4- 6 || total
---------------------------+-------+-------++-------
  Melee: Long sword        |    51 |     9 ||    60
         Constrict         |    11 |     2 ||    13
         Tentacles         |     7 |     3 ||    10
   Stab: Sleeping          |     8 |       ||     8
 Armour: Skin              |     2 |     2 ||     4
  Dodge: Dodged            |    33 |    14 ||    47

Table legend: (Time is in decaauts)
 A = Elapsed time spent in this place.
 B = Non-inter-level travel time spent in this place.
 C = Inter-level travel time spent in this place.
 D = Time resting spent in this place.
 E = Time spent auto-exploring this place.
 F = Levels seen in this place.
 G = Mean time per level.
                   A        B        C        D        E       F      G
               +--------+--------+--------+--------+--------+-----+--------+
         Total |    989 |    944 |     45 |      0 |    744 |   2 |  494.5 |
       Dungeon |    989 |    944 |     45 |      0 |    744 |   2 |  494.5 |
               +--------+--------+--------+--------+--------+-----+--------+

Top non-repeatable levels by time:
     D:1: 870 daAuts
     D:2: 119 daAuts
